 Dungeon Crawl Stone Soup version 0.28-a0-938-gbc3f381ebc (webtiles) character file.

Game seed: 13065691257633484205

128 voltaire321 the Ducker (level 5, -7/41 HPs)
             Began as a Merfolk Gladiator on Nov 29, 2021.
             Was an Initiate of Wu Jian.
             Mangled by an ogre (25 damage)
             ... on level 4 of the Dungeon.
             The game lasted 00:07:40 (3124 turns).

voltaire321 the Ducker (Merfolk Gladiator)          Turns: 3124, Time: 00:07:40

Health: -7/41      AC: 10    Str: 15    XL:     5   Next: 12%
Magic:  5/5        EV: 13    Int:  7    God:    Wu Jian [......]
Gold:   201        SH:  0    Dex: 16    Spells: 4/4 levels left

rFire   . . .      SeeInvis .   a - +0 long sword
rCold   . . .      Faith    .   (no shield)
rNeg    . . .      Spirit   .   k - +0 ring mail
rPois   .          Reflect  .   c - +1 helmet
rElec   .          Harm     .   (no cloak)
rCorr   .          Rampage  .   (no gloves)
Will    .....                   i - +2 pair of boots
Stlth   +.........              (no amulet)
HPRegen 0.13/turn               (no ring)
MPRegen 0.09/turn               (no ring)

@: no status effects
A: (nimble swimmer 2), mertail
a: Renounce Religion


You were on level 4 of the Dungeon.
You worshipped Wu Jian.
Wu Jian was noncommittal.
You visited 2 branches of the dungeon, and saw 5 of its levels.

You collected 201 gold pieces.

Inventory:

Hand Weapons
 a - a +0 long sword (weapon)
Missiles
 d - 3 throwing nets
 g - 4 boomerangs (quivered)
Armour
 c - a +1 helmet (worn)
 i - a +2 pair of boots (worn)
 k - a +0 ring mail (worn)
Wands
 f - a wand of flame (21)
Scrolls
 h - a scroll of identify
Potions
 b - a potion of haste
 e - 4 potions of curing
 j - a potion of might {unknown}
 l - a potion of attraction {unknown}
 m - a potion of heal wounds
 o - a potion of cancellation {unknown}


   Skills:
 + Level 3.1 Fighting
 + Level 4.0 Long Blades
 + Level 2.8 Throwing
 + Level 1.2 Armour
 + Level 4.9 Dodging


You had 4 spell levels left.
You didn't know any spells.
Your spell library contained the following spells:

 Spells                   Type           Power      Damage    Failure   Level
 Slow                     Hex            0%         N/A       65%         1
 Confusing Touch          Hex            0%         N/A       95%         3
 Vampiric Draining        Necr           0%         2d6       95%         3


Dungeon Overview and Level Annotations

Branches:
Dungeon (4/15)             Temple (1/1) D:4

Altars:
Ashenzari
Dithmenos
Elyvilon
Gozag
Hepliaklqana
Makhleb
Okawaru
Qazlal
Ru
Uskayaw
Vehumet
Wu Jian
Xom
Yredelemnul
Zin
The Shining One


Innate Abilities, Weirdness & Mutations

((You are quick and stealthy near water. (Stealth+, EV+, Speed+++)))
Your lower body shifts to a powerful aquatic tail in water.


Message History

Press: ? - help, Q - select action, (/) - cycle Shift-Dir - straight line, f - ogre
Aim: an ogre, wielding a +0 giant club (76% to hit)
You throw a boomerang. The boomerang hits the ogre.
The ogre is lightly wounded.
Throw: 4 boomerangs
Press: ? - help, Q - select action, (/) - cycle Shift-Dir - straight line, f/p - ogre
Aim: an ogre, wielding a +0 giant club (lightly wounded, 76% to hit)
You throw a boomerang. The boomerang hits the ogre.
The ogre is lightly wounded.
Throw: 4 boomerangs
Press: ? - help, Q - select action, (/) - cycle Shift-Dir - straight line, f/p - ogre
Aim: an ogre, wielding a +0 giant club (lightly wounded, 76% to hit)
You throw a boomerang. The boomerang hits the ogre.
The ogre is moderately wounded.
Throw: 4 boomerangs
Press: ? - help, Q - select action, (/) - cycle Shift-Dir - straight line, f/p - ogre
Aim: an ogre, wielding a +0 giant club (moderately wounded, 76% to hit)
You throw a boomerang. The boomerang hits the ogre.
The ogre is heavily wounded.
You barely miss the ogre.
The ogre is heavily wounded.
The ogre barely misses you.
You closely miss the ogre.
The ogre is heavily wounded.
The ogre closely misses you.
You hit the ogre.
The ogre is heavily wounded.
The ogre hits you with a +0 giant club!!
Ouch! That really hurt!
You slash the ogre!
The ogre is almost dead.
The ogre closely misses you.
You barely miss the ogre.
The ogre is almost dead.
The ogre hits you with a +0 giant club.
You hit the ogre.
The ogre is almost dead.
The ogre hits you with a +0 giant club!!
Ouch! That really hurt!
You die...

# ##...####### #.###........### #
##.## ##### #.####..#####>.. #
#.# #...####......## #.## ## #.#
#.............# #.#
.####.#####...################.##
...........).## #..............
....#.######## #.#########....
....### ###########.## #..##
#..## #......O@....# #..# ....
#.#....####..# #..# ...♣♣
#.#.##.# #..# #..# ♣.♣♣ #.#.##.#
#..# #..# .♣♣ ##.#.##.# #>.# #..#
#....##.# #..# ##.####.. .... #.#
### #... #..!..(..#


You could see an ogre.

Vanquished Creatures
  5 adders (D:3)
  A shadow imp (D:4)
  An ufetubus (D:4)
  2 worms
  4 dart slugs
  9 orcs
  4 endoplasms
  A giant cockroach (D:4)
  6 hobgoblins
  3 ball pythons
  2 bats
  A frilled lizard (D:1)
  6 goblins
  3 kobolds (D:1)
  4 rats
52 creatures vanquished.

Notes
Turn   | Place    | Note
-------+----------+-------------------------------------------
     0 | D:1      | voltaire321 the Merfolk Gladiator began the quest for the
                  | Orb.
     0 | D:1      | Reached XP level 1. HP: 16/16 MP: 1/1
   450 | D:1      | Found a faded altar of an unknown god.
   830 | D:1      | Reached XP level 2. HP: 23/23 MP: 2/2
  1665 | D:3      | Reached XP level 3. HP: 28/28 MP: 3/3
  1826 | D:3      | Reached skill level 1 in Armour
  1826 | D:3      | Reached XP level 4. HP: 34/34 MP: 4/4
  2395 | D:4      | Found a staircase to the Ecumenical Temple.
  2410 | Temple   | Entered the Ecumenical Temple
  2491 | Temple   | Became a worshipper of the Wu Jian Council
  2770 | D:4      | Reached XP level 5. HP: 41/41 MP: 5/5
  3101 | D:4      | Noticed an ogre
  3124 | D:4      | Mangled by an ogre

Illustrated notes

Levels and vault maps discovered:
D:1:      dpeg_arrival_central, layout_loops_ring,
          shapermc_ecumenical_altar_venn
D:2:      layout_rooms, kennysheep_boxes
D:3:      layout_loops_corners
D:4:      layout_loops_ring, minmay_temple_entry_tees, uniq_crazy_yiuf_cottage
Temple:   eino_temple_scatter_basement

Skill      XL: |  1  2  3  4 |
---------------+-------------+-----
Armour         | 1 |  1.2
Fighting       | 3 |  3.1
Long Blades    | 4 |  4.0
Throwing       | |  2.8
Dodging        | |  4.9

Action                   |  1- 3 |  4- 6 || total
-------------------------+-------+-------++-------
Melee: Long sword        |    34 |    44 ||    78
Throw: Boomerang         |    48 |    51 ||    99
  Use: Scroll            |       |     6 ||     6
Armor: Leather armour    |     7 |       ||     7
       Ring mail         |       |    21 ||    21
Dodge: Dodged            |    20 |    27 ||    47

Table legend: (Time is in decaauts)
 A = Elapsed time spent in this place.
 B = Non-inter-level travel time spent in this place.
 C = Inter-level travel time spent in this place.
 D = Time resting spent in this place.
 E = Time spent auto-exploring this place.
 F = Levels seen in this place.
 G = Mean time per level.
                   A        B        C        D        E       F      G
               +--------+--------+--------+--------+--------+-----+--------+
         Total |   3157 |   3095 |     62 |    114 |   2391 |   5 |  631.4 |
       Dungeon |   2993 |   2931 |     62 |    114 |   2271 |   4 |  748.2 |
        Temple |    163 |    163 |      0 |      0 |    120 |   1 |  163.0 |
               +--------+--------+--------+--------+--------+-----+--------+

Top non-repeatable levels by time:
     D:1: 978 daAuts
     D:3: 851 daAuts
     D:4: 644 daAuts
     D:2: 520 daAuts
  Temple: 163 daAuts
